 Dungeon Crawl Stone Soup version 0.32-a0-872-g59262bdc9b (webtiles) character file.

Game seed: 16637485353947223954

18 Ruich the Ruffian (level 2, 0/29 HPs)
             Began as a Troll Chaos Knight on Mar 31, 2024.
             Was a Plaything of Xom.
             Succumbed to a goblin's poison
             ... on level 1 of the Dungeon.
             The game lasted 00:01:14 (124 turns).

Ruich the Ruffian (Troll Chaos Knight)               Turns: 124, Time: 00:01:15

Health: 0/29       AC:  6    Str: 19    XL:     2   Next: 51%
Magic:  1/1        EV:  8    Int:  8    God:    Xom [..*...]
Gold:   25         SH:  0    Dex:  9    Spells: 1/1 levels left

rFire   . .          .
                       - Unarmed
rCold   . . .        (no shield)
rNeg    . . .        a - +2 robe
rPois   .            (helmet restricted)
rElec   .            (no cloak)
rCorr   .            (gloves unavailable)
SInv    .            (boots unavailable)
Will    .....        (no amulet)
Stlth   +            (no ring)
HPRegen 1.04/turn    (no ring)
MPRegen 0.07/turn

%: no passive effects
@: lethally poisoned (0 -> -11)
A: large, unfitting armour, claws 3, regeneration 1, shaggy fur 1, tough skin 1
a: Renounce Religion


You were on level 1 of the Dungeon.
You worshipped Xom.
You were a toy of Xom.
You visited 1 branch of the dungeon, and saw 1 of its levels.

You collected 25 gold pieces.


Innate Abilities, Weirdness & Mutations

You are too large for most types of armour.
You have claws for hands.
Your natural rate of healing is unusually fast.
You are covered in fur. (AC +1)
You have tough skin. (AC +1)


   Skills:
 + Level 2.7 Fighting
 - Level 1.9 Dodging
 * Level 3.6 Unarmed Combat


You had one spell level left.
You didn't know any spells.
Your spell library was empty.

Inventory:

Armour
 a - a +2 robe (worn)
Scrolls
 b - a scroll of butterflies

Dungeon Overview and Level Annotations

Branches:
Dungeon (1/15) Zot: 5897

Altars:

##.# .#
#.≈≈≈.≈≈≈.≈≈≈ ##.#
.# #...≈.≈<..≈[≈
.#.# #.#
#.≈≈≈.≈≈≈≈≈.≈
##.### #.#
.............
)....# #.#
#.####..#####.
.....####### #.#
##. #
........†.^###.# #.
.....###.......####
..
.........#......@.#
..
.#..###..#####.##.#
##..# #..# #)##g##
#..# #..# #.....#
#..
...............# ##
##.########.......B
#. ##..#.....
#..###.## #..# .#


You could see a goblin.


Message History

You closely miss the kobold.
You feel sick.
* * * LOW HITPOINT WARNING * * *
You scratch the kobold.
You kill the kobold!
Unknown command.
You barely miss the ball python.
You feel sick.
The ball python bites you but does no damage.
Unknown command.
You claw the ball python!
You kill the ball python!
You feel yourself slow down.
You closely miss the goblin.
You feel sick.
You are more poisoned.
You barely miss the goblin.
You feel sick.
* * * LOW HITPOINT WARNING * * *
You are more poisoned.
You scratch the goblin but do no damage.
* * * LOW HITPOINT WARNING * * *
You feel very sick.
You are lethally poisoned!
You scratch the goblin.
The goblin is moderately wounded.
* * * LOW HITPOINT WARNING * * *
You feel very sick. The goblin closely misses you.
Unknown command.
Unknown command.
Unknown command.
You die...
Xom roars with laughter!

Action                     || total
---------------------------++-------
  Melee: Unarmed           ||    31
 Armour: Robe              ||    16
  Dodge: Dodged            ||    10

Levels and vault maps discovered:
D:1:      evilmike_arrival_hilbert_curve, layout_loops_ring

Notes
Turn   | Place    | Note
-------+----------+-------------------------------------------
     0 | D:1      | Ruich the Troll Chaos Knight began the quest for the Orb.
     0 | D:1      | Reached XP level 1. HP: 22/22 MP: 0/0
    35 | D:1      | XOM: silly message
    58 | D:1      | XOM: potion effect (haste)
    67 | D:1      | Reached XP level 2. HP: 22/29 MP: 1/1
   124 | D:1      | Succumbed to a goblin's poison

Vanquished Creatures
  A gnoll (D:1)
  A ball python (D:1)
  A giant cockroach (D:1)
  2 goblins (D:1)
  A hobgoblin (D:1)
  2 kobolds (D:1)
8 creatures vanquished.

Table legend: (Time is in decaauts)
 A = Elapsed time spent in this place.
 B = Non-inter-level travel time spent in this place.
 C = Inter-level travel time spent in this place.
 D = Time resting spent in this place.
 E = Time spent auto-exploring this place.
 F = Levels seen in this place.
 G = Mean time per level.
                   A        B        C        D        E       F      G
               +--------+--------+--------+--------+--------+-----+--------+
         Total |    102 |    102 |      0 |      0 |     52 |   1 |  102.0 |
       Dungeon |    102 |    102 |      0 |      0 |     52 |   1 |  102.0 |
               +--------+--------+--------+--------+--------+-----+--------+

Top non-repeatable levels by time:
     D:1: 102 daAuts

Table legend:
 A = Non-vault XP
 B = Vault XP
 C = Vault XP percentage of total XP
 D = Non-vault monster count
 E = Vault monster count
 F = Vault count percentage of total count
                 A         B        C        D         E       F
            +---------+---------+-------+---------+---------+-------
      Total |      27 |       0 |   0.0 |       8 |       0 |   0.0
            +---------+---------+-------+---------+---------+-------
        D:1 |      27 |       0 |   0.0 |       8 |       0 |   0.0
            +---------+---------+-------+---------+---------+-------
